Map: King's Cove LE

Players

Parkkatz - Winner!

  • Race: Zerg Zerg
  • League: Platinum
  • Spawn Location: 5:00

Palenrix

  • Race: Protoss Protoss
  • League: Gold
  • Spawn Location: 11:00

VOD

Have the link to the VOD?

Description

Time

  • Played on: July 3, 2019, 5:34 p.m.
  • Length: 7:19
Show
View Real Time Build Order
Export as new Build Order

Parkkatz Zerg - Winner!

Build Orders: Hatch First 

Get SALT Encoding   

  12  0:01  Drone  
  13  0:14  Overlord  
  13  0:19  Drone  
  14  0:32  Drone x2  
  16  0:36  Drone  
  17  0:47  Drone  
  18  0:59  Hatchery  
  18  1:03  Drone  
  18  1:04  Extractor  
  17  1:18  Spawning Pool  
  16  1:20  Drone  
  16  1:23  Drone  
  18  1:30  Drone  
  19  1:47  Overlord  
  19  2:04  Queen  
  19  2:07  Zergling x4  
  23  2:11  Zergling x2  
  23  2:13  Queen  
  26  2:18  Metabolic Boost  
  27  2:22  Drone  
  27  2:23  Drone  
  28  2:32  Drone x2  
  30  2:39  Overlord  
  30  2:45  Drone  
  30  2:48  Drone, Queen  
  34  3:04  Drone  
  34  3:05  Drone x2  
  37  3:06  Roach Warren  
  37  3:08  Drone, Extractor  
  36  3:18  Spore Crawler  
  35  3:21  Spore Crawler  
  35  3:23  Drone x3  
  37  3:29  Spore Crawler  
  37  3:31  Drone x2  
  37  3:33  Drone  
  39  3:37  Queen  
  41  3:46  Zergling x8  
  42  3:57  Drone x2  
  42  4:35  Overlord x3  
  42  4:40  Queen  
  43  5:02  Drone x2  
  43  5:03  Overlord  
  43  5:04  Overlord, Extractor  
  43  5:05  Roach x2  
  43  5:06  Roach x3  
  53  5:09  Lair  
  53  5:10  Drone  
  54  5:16  Queen  
  56  5:26  Drone x3  
  56  5:27  Roach x3  
  56  5:28  Hatchery  
  64  5:44  Zergling x8  
  64  5:45  Zergling x2  
  64  5:48  Roach x5  
  79  5:57  Overlord  
  79  6:04  Drone  
  79  6:06  Overseer  
  80  6:18  Overlord x2  
  80  6:19  Overlord  
  76  6:50  Roach x9  
  76  6:51  Roach x4  
  76  6:53  Drone  
  98  7:06  Drone  
  99  7:12  Evolution Chamber  
Show
View Real Time Build Order
Export as new Build Order

Palenrix Protoss 

Build Orders:  

Get SALT Encoding   

  12  0:01  Probe  
  13  0:13  Probe  
  14  0:19  Pylon  
  14  0:25  Probe  
  15  0:37  Probe  
  15  0:41  Gateway  
  17  0:50  Probe  
  17  0:57  Pylon  
  17  1:02  Probe  
  17  1:03  Assimilator  
  18  1:14  Probe  
  18  1:17  Assimilator  
  19  1:27  Probe  
  19  1:31  Cybernetics Core  
  21  1:40  Probe  
  21  1:47  Zealot  
  21  1:52  Probe  
  24  1:56  Assimilator  
  24  2:04  Probe  
  25  2:16  Probe  
  25  2:17  Stargate  
  26  2:28  Probe  
  27  2:30  Pylon  
  27  2:32  Pylon  
  27  2:35  Warp Gate  
  26  2:40  Probe  
  27  2:47  Zealot  
  29  2:54  Probe  
  29  2:57  Void Ray  
  30  3:06  Gateway  
  34  3:25  Void Ray  
  38  4:24  Zealot x2  
  40  4:26  Gateway  
  40  4:30  Gateway  
  38  4:59  Zealot  
  39  5:00  Zealot  
  41  5:14  Nexus  
  37  5:34  Pylon  
  37  5:35  Zealot x3  
  37  5:36  Zealot, Pylon  
  37  5:42  Twilight Council  
  41  5:46  Robotics Facility  
  41  5:52  Pylon  
  41  6:01  Probe  
  42  6:12  Shield Battery  
  42  6:13  Assimilator  
  42  6:14  Assimilator  
  42  6:17  Probe  
  43  6:29  Probe  
  43  6:30  Zealot x2  
  44  6:41  Probe  
  32  7:05  Stalker  
  32  7:06  Sentry  
Tags
 
Matchup
PvZ
Replay Pack
SC2 replays
Spawn Locations
Cross Positions
Add a new tag
Caveats
  • Supply blocks, unpowered buildings, or Contaminate may cause inaccurate times.
  • Supply counts are checked every 10 seconds.